 Dungeon Crawl Stone Soup version 0.25.1-4-g9407a263a5 (webtiles) character file.

Game seed: 16344680016955984001

242 JakoBeide the Poker (level 5, -4/48 HPs)
             Began as a Minotaur Berserker on Nov 25, 2020.
             Was a Believer of Trog.
             Slain by a wyvern (9 damage)
             ... on level 4 of the Dungeon.
             The game lasted 00:10:13 (4674 turns).

JakoBeide the Poker (Minotaur Berserker)            Turns: 4674, Time: 00:10:13

Health: -4/48      AC: 14    Str: 22      XL:     5   Next: 81%
Magic:  4/4        EV:  9    Int: 10      God:    Trog [**....]
Gold:   210        SH:  0    Dex:  8 (10) Spells: 4/4 levels left

rFire    . . .     SeeInvis .   a - +0 spear
rCold    . . .     Gourm    .   (no shield)
rNeg     . . .     Faith    .   y - +4 chain mail
rPois    .         Spirit   .   (helmet restricted)
rElec    .         Reflect  .   (no cloak)
rCorr    +         Harm     .   (no gloves)
MR       .....                  p - +0 pair of boots
Stlth    ..........             (no amulet)
HPRegen  0.16/turn              j - ring of resist corrosion
MPRegen  0.09/turn              l - +6 ring of intelligence

@: very slow
A: retaliatory headbutt, horns 2
a: Berserk, Trog's Hand, Renounce Religion


You were on level 4 of the Dungeon.
You worshipped Trog.
Trog was pleased with you.
You were hungry.

You visited 1 branch of the dungeon, and saw 4 of its levels.

You collected 210 gold pieces.

Inventory:

Hand Weapons
 a - a +0 spear (weapon)
 n - a cursed -1 flail
 s - a +3 quarterstaff of chaos
 t - a +0 mace
Missiles
 k - a throwing net (quivered)
Armour
 b - a +0 animal skin
 h - a +0 chain mail
 p - a +0 pair of boots (worn)
 y - a +4 chain mail (worn)
Jewellery
 j - a ring of resist corrosion (left hand)
 l - a +6 ring of intelligence (right hand)
Wands
 q - a wand of polymorph (1)
Scrolls
 e - 2 scrolls of amnesia
 g - 3 scrolls of magic mapping
 m - 2 scrolls of remove curse
 v - a scroll of teleportation
 x - a scroll of enchant armour {unknown}
Potions
 d - a potion of flight {unknown}
 f - a potion of lignification
 i - 2 potions of curing
 o - a potion of ambrosia
 r - a potion of mutation {unknown}
 w - a potion of heal wounds {unknown}
Comestibles
 c - 3 rations
 u - a chunk of flesh


   Skills:
 + Level 5.4 Fighting
 + Level 5.7 Polearms
 + Level 3.0 Armour
 + Level 3.1 Dodging
 + Level 1.1 Stealth


You had 4 spell levels left.
You didn't know any spells.
Your spell library contained the following spells:

 Spells                   Type           Power        Failure   Level  Hunger
 Beastly Appendage        Tmut           #.....       97%         1    ##.....
 Sticks to Snakes         Tmut           #.......     99%         2    ###....
 Confusing Touch          Hex            #.......     100%        3    ####...
 Gell's Gravitas          Tloc           #.........   100%        3    ####...
 Spider Form              Tmut/Pois      #.........   100%        3    ####...
 Ice Form                 Ice/Tmut       #.......     100%        4    #####..
 Petrify                  Tmut/Erth      #.......     100%        4    #####..
 Blade Hands              Tmut           #.........   100%        5    ######.
 Metabolic Englaciation   Hex/Ice        #.........   100%        5    ######.
 Yara's Violent Unravell  Hex/Tmut       #.........   100%        5    ######.


Dungeon Overview and Level Annotations

Branches:
Dungeon (4/15)
 Temple: D:4-7

Altars:
Ashenzari
Cheibriados
Fedhas
Nemelex Xobeh
Okawaru
Qazlal
Ru
Sif Muna
Vehumet
Xom

Shops:
D:4 [


Innate Abilities, Weirdness & Mutations

You reflexively headbutt those who attack you in melee.
You have a pair of horns on your head.


Message History

Your unstable footing causes you to fumble your attack.
The wyvern bites you but does no damage.
You hit the wyvern but do no damage. Your headbutt misses the wyvern.
The wyvern bites you but does no damage.
You hit the wyvern but do no damage.
You headbutt the wyvern, but do no damage.
The wyvern bites you.
* * * LOW HITPOINT WARNING * * *
The wyvern bites you but does no damage.
You hit the wyvern.
The wyvern is lightly wounded.
The wyvern barely misses you.
You barely miss the wyvern. Your headbutt misses the wyvern.
The wyvern is lightly wounded.
The wyvern bites you.
* * * LOW HITPOINT WARNING * * *
You closely miss the wyvern.
The wyvern is lightly wounded.
The wyvern bites you!
You die...

#..######...####.#.#...##.#......
...# #........#........#......
##.# ##...######............_..
...# #......## #........#......
########.......######...<.#......
#....)...##'##♣P≈##.....##.....
#........#♣≈≈♣# ♣P'..##.####.##
##.......##S♣♣l♣#♣≈#.###........
#.........#≈ #♣@♣≈♣##...........
##........##♣#♣≈≈≈♣# ######.#####
..........###♣≈♣≈♣# ######.#
##.<........#≈♣#♣≈♣ #.....>#
#..###.##..'≈♣ ♣≈≈ ######## ....#
#.###.##≈≈♣ #+# .##.# #.##..#####
( #.# #.##.##.# ..# #..÷....#


You could see a wyvern.

Vanquished Creatures
  Crazy Yiuf (D:3)
  12 adders
  2 river rats (D:3)
  An ooze (D:2)
  An adder skeleton (D:4)
  6 worms (D:3)
  2 dart slugs
  2 leopard geckos
  An orc (D:4)
  A ball python (D:3)
  3 goblins
  10 hobgoblins
  4 jackals (D:4)
  A quokka (D:3)
  6 bats
  3 frilled lizards
  3 kobolds
  10 rats
69 creatures vanquished.

Vanquished Creatures (others)
  A plant (D:4)
1 creature vanquished.

Grand Total: 70 creatures vanquished

Notes
Turn   | Place    | Note
-------+----------+-------------------------------------------
     0 | D:1      | JakoBeide the Minotaur Berserker began the quest for the
                  | Orb.
     0 | D:1      | Reached XP level 1. HP: 19/19 MP: 0/0
    10 | D:1      | Noticed an electric eel
    17 | D:1      | Noticed an electric eel
   215 | D:1      | Reached XP level 2. HP: 17/27 MP: 1/1
   882 | D:2      | Found an iron altar of Okawaru.
   926 | D:2      | Reached XP level 3. HP: 26/33 MP: 2/2
  1103 | D:2      | Found a snail-covered altar of Cheibriados.
  1104 | D:2      | Found a shattered altar of Ashenzari.
  1104 | D:2      | Found a shimmering altar of Xom.
  1106 | D:2      | Found a sacrificial altar of Ru.
  1618 | D:2      | Reached XP level 4. HP: 32/41 MP: 3/3
  1907 | D:2      | Found a shimmering altar of Xom.
  1910 | D:2      | Found an iron altar of Okawaru.
  1910 | D:2      | Found a stormy altar of Qazlal.
  1912 | D:2      | Found a sacrificial altar of Ru.
  1912 | D:2      | Found a blossoming altar of Fedhas.
  1912 | D:2      | Found a shimmering altar of Xom.
  2079 | D:3      | Reached ** piety under Trog
  2247 | D:3      | Found a radiant altar of Vehumet.
  2310 | D:3      | Found a shimmering blue altar of Sif Muna.
  2344 | D:3      | Reached skill level 5 in Polearms
  2620 | D:3      | Reached skill level 5 in Fighting
  2737 | D:3      | Reached XP level 5. HP: 48/48 MP: 4/4
  2932 | D:3      | Reached skill level 1 in Stealth
  3437 | D:3      | Found a runed translucent door.
  3438 | D:3      | Noticed Crazy Yiuf
  4164 | D:3      | Killed Crazy Yiuf
  4259 | D:4      | Found Heoj's Antique Armour Emporium.
  4593 | D:4      | Found a sparkling altar of Nemelex Xobeh.
  4658 | D:4      | Noticed an ogre
  4667 | D:4      | Noticed a wyvern
  4667 | D:4      | an ogre changed into a wyvern
  4674 | D:4      | Slain by a wyvern

Illustrated notes

Levels and vault maps discovered:
D:1:      arrival_aquarium_b, layout_basic
D:2:      layout_rooms, grunt_temple_overflow_open, marbit_many_paths,
          doesnt_xom_only_xom
D:3:      layout_basic, old_standard_altar, nicolae_overflow_crystal_walls,
          lightli_sewer_entry_pipes, minivault_26, uniq_crazy_yiuf_cottage
D:4:      layout_loops_cross, old_standard_altar, serial_shops,
          nicolae_shop_stone, saegor_snake_ambush

Skill      XL: |  1  2  3  4  5 |
---------------+----------------+-----
Fighting       | 4 5 |  5.4
Polearms       | 4 5 |  5.7
Stealth        | 1 |  1.1
Dodging        | 3 |  3.1
Armour         | 3 |  3.0

Action                   |  1- 3 |  4- 6 || total
-------------------------+-------+-------++-------
Melee: Spear             |    78 |   154 ||   232
       Headbutt          |    14 |    29 ||    43
Invok: Berserk           |       |     2 ||     2
Evoke: Wand              |       |     1 ||     1
  Use: Scroll            |     4 |     1 ||     5
       Potion            |     1 |     7 ||     8
 Stab: Sleeping          |     1 |       ||     1
  Eat: Ration            |     1 |     2 ||     3
       Chunk             |     1 |     2 ||     3
Armor: Animal skin       |    21 |    10 ||    31
       Chain mail        |       |    54 ||    54
Dodge: Dodged            |    50 |    62 ||   112
